 Dungeon Crawl Stone Soup version 0.30-a0-1070-gd49b78fada (webtiles) character file.

Game seed: 1513849667421293705

22539 GenialerGandalf the Severer (level 13, -2/118 HPs)
             Began as a Hill Orc Fighter on Mar 30, 2023.
             Was an Elder of Beogh.
             Slain by a cane toad (12 damage)
             ... on level 4 of the Lair of Beasts on Apr 13, 2023.
             The game lasted 01:48:24 (17059 turns).

GenialerGandalf the Severer (Hill Orc Fighter)     Turns: 17059, Time: 01:48:25

Health: -2/118     AC: 18    Str: 26    XL:     13   Next: 0%
Magic:  20/20      EV:  7    Int:  8    God:    Beogh [****..]
Gold:   511        SH: 14    Dex: 10    Spells: 12/12 levels left

rFire   . . .      SeeInvis .    J - +3 war axe (freeze)
rCold   + . .      Faith    .    I - +5 kite shield of Least Resistance {rCorr}
rNeg    + + +      Spirit   .    P - +0 chain mail
rPois   +          Reflect  .    l - +1 hat of Resourcefulness {Fly rC+ rN+}
rElec   .          Rampage  +    y - +2 cloak {Stlth+}
rCorr   +                        f - +0 pair of gloves
Will    .....                    N - +0 pair of boots of Death Resistance {Rampage rN+}
Stlth   +                        (no amulet)
HPRegen 0.39/turn                T - ring of poison resistance
MPRegen 0.17/turn                i - ring "Fiteeriwu" {Fly rN+ Str+2}

@: flying, slowed, very slow
A: no striking features
a: Renounce Religion, Smiting, Recall Orcish Followers


You were on level 4 of the Lair of Beasts.
You worshipped Beogh.
Beogh was greatly pleased with you.
You visited 3 branches of the dungeon, and saw 16 of its levels.
You also visited: Gauntlet.

You collected 937 gold pieces.
You spent 426 gold pieces at shops.

Inventory:

Hand Weapons
 a - a +0 war axe
 b - a +3 spear of freezing
 J - a +3 war axe of freezing (weapon)
 M - a +3 spear of flaming
 R - a +0 hand axe of distortion
Missiles
 Q - 6 silver javelins
 U - 4 silver boomerangs
Armour
 f - a +0 pair of gloves (worn)
 h - a +0 cloak
 l - the +1 hat of Resourcefulness (worn) {Fly rC+ rN+}
   (You found it in a Gauntlet)

   rC:        It protects you from cold.
   rN:        It protects you from negative energy.
   Fly:       It grants you flight.
 m - the +5 leather armour "Hadwajemp" {rC+ MP+9}
   (You found it on level 11 of the Dungeon)

   rC:        It protects you from cold.
   MP:        It affects your magic capacity (+9).
 y - a +2 cloak of stealth (worn)
 F - a +1 helmet
 I - the +5 kite shield of Least Resistance (worn) {rCorr}
   (You found it on level 7 of the Dungeon)

   rCorr:     It protects you from acid and corrosion.
 N - the +0 pair of boots of Death Resistance (worn) {Rampage rN+}
   (You found it in a Gauntlet)

   rN:        It protects you from negative energy.
   Rampage:   It bestows one free step when moving towards enemies.
 P - a +0 chain mail (worn)
Jewellery
 i - the ring "Fiteeriwu" (right hand) {Fly rN+ Str+2}
   (You took it off a minotaur in a Gauntlet)

   [ring of flight]

   Str:       It affects your strength (+2).
   rN:        It protects you from negative energy.
   Fly:       It grants you flight.
 v - a +4 ring of protection
 x - a ring of ice
 G - a +4 ring of slaying
 T - a ring of poison resistance (left hand)
Wands
 n - a wand of flame (18)
 A - a wand of paralysis (26)
 O - a wand of roots (2)
 S - a wand of polymorph (11)
Scrolls
 o - 3 scrolls of poison
 s - 4 scrolls of teleportation
 w - 2 scrolls of blinking
 z - 2 scrolls of silence
 B - 3 scrolls of vulnerability
 C - a scroll of fear
 D - 2 scrolls of immolation
 H - a scroll of enchant armour
 K - a scroll of amnesia
 L - 3 scrolls of noise
Potions
 c - 2 potions of mutation {unknown}
 d - 3 potions of might
 e - 2 potions of flight {unknown}
 g - 3 potions of haste
 j - 6 potions of lignification
 k - 3 potions of magic
 p - 3 potions of resistance
 q - 3 potions of cancellation {unknown}
 r - 8 potions of attraction
 t - 9 potions of curing
 u - a potion of degeneration {unknown}
 E - 2 potions of heal wounds
Miscellaneous
 V - a phantom mirror


   Skills:
 * Level 12.3 Fighting
 * Level 16.9(17.0) Axes
 - Level 0.6(9.3) Maces & Flails
 - Level 0.6(9.3) Polearms
 + Level 9.6 Armour
 - Level 0.1 Dodging
 - Level 4.8 Stealth
 * Level 7.8 Shields
 * Level 9.4 Invocations


You had 12 spell levels left.
You didn't know any spells.
Your spell library contained the following spells:

 Spells                   Type           Power      Damage    Failure   Level
 Magic Dart               Conj           0%         1d3       99%         1
 Shock                    Conj/Air       0%         1d3       99%         1
 Slow                     Hex            0%         N/A       99%         1
 Lesser Beckoning         Tloc           0%         N/A       100%        2
 Searing Ray              Conj           0%         2d4       100%        2
 Static Discharge         Conj/Air       0%         2-2/arc   100%        2
 Confusing Touch          Hex            0%         N/A       100%        3
 Gell's Gravitas          Tloc           0%         N/A       100%        3
 Inner Flame              Hex/Fire       0%         N/A       100%        3
 Portal Projectile        Hex/Tloc       0%         N/A       100%        3
 Swiftness                Air            0%         N/A       100%        3
 Teleport Other           Tloc           0%         N/A       100%        3
 Tukima's Dance           Hex            0%         N/A       100%        3
 Vampiric Draining        Necr           0%         2d6       100%        3
 Airstrike                Air            0%         2d(0-16)  100%        4
 Cause Fear               Hex            0%         N/A       100%        4
 Fulminant Prism          Conj/Hex       0%         3d5       100%        4
 Olgreb's Toxic Radiance  Pois           0%         N/A       100%        4
 Blade Hands              Tmut           0%         N/A       100%        5
 Fireball                 Conj/Fire      0%         3d3       100%        5
 Summon Forest            Summ/Tloc      0%         N/A       100%        5
 Summon Mana Viper        Hex/Summ       0%         N/A       100%        5
 Iron Shot                Conj/Erth      0%         9d1       100%        6
 Summon Cactus Giant      Summ           0%         N/A       100%        6
 Discord                  Hex            0%         N/A       100%        8
 Ignition                 Fire           0%         3d3       100%        8


Dungeon Overview and Level Annotations

Branches:
Dungeon (11/15)            Temple (1/1) D:5            Lair (3/5) D:11
 Shoals (0/4) Lair:2        Snake (0/4) Lair:2          Orc (0/2) D:11
Gauntlet (visited)

Altars:
Ashenzari
Cheibriados
Dithmenos
Elyvilon
Fedhas
Gozag
Hepliaklqana
Kikubaaqudgha
Makhleb
Nemelex Xobeh
Okawaru
Qazlal
Ru
Sif Muna
Trog
Uskayaw
Vehumet
Wu Jian
Xom
Yredelemnul
Zin
The Shining One

Shops:
D:1 [   D:4 !   D:9 ?

Portals:
Abyss: D:10

Annotations:
D:6 3 runed translucent doors, ouz's ghost, novice GnWn
D:10 2 transporters, kaze's ghost, journeyman DjFE


Message History

The skyshark tail-slaps you.
* * * LOW HITPOINT WARNING * * *
The torpor snail bites you but does no damage.
You hit the skyshark. You freeze the skyshark.
The skyshark is severely wounded.
You hit the cane toad.
The cane toad seems to slow down.
You freeze the cane toad. You slash the yak! You freeze the yak.
You hit the torpor snail. You freeze the torpor snail.
The skyshark bites you but does no damage.
You block the skyshark's attack. The skyshark tail-slaps you.
* * * LOW HITPOINT WARNING * * *
The yak gores you but does no damage. You block the cane toad's attack.
You slash the skyshark! You freeze the skyshark.
The skyshark is almost dead.
You hit the torpor snail. You freeze the torpor snail.
You hit the cane toad but do no damage. You slash the yak! You freeze the yak.
You kill the yak!
Beogh accepts your kill.
The cane toad is no longer moving slowly.
You block the skyshark's attack.
The skyshark tail-slaps you but does no damage. x2
The torpor snail bites you but does no damage.
The cane toad closely misses you.
The skyshark bites you but does no damage.
The skyshark tail-slaps you but does no damage. x2
You slice the skyshark!!
The skyshark seems to slow down.
You freeze the skyshark.
You kill the skyshark!
Beogh accepts your kill.
You hit the cane toad.
The cane toad seems to slow down.
You freeze the cane toad. You barely miss the torpor snail.
The torpor snail bites you but does no damage.
You block the cane toad's attack.
You have reached level 13!
You closely miss the cane toad.
The cane toad is moderately wounded.
You slash the torpor snail! You freeze the torpor snail.
The cane toad is no longer moving slowly.
The cane toad stings you!
You die...

....#
♣....#
....?#
♣....#
♣....##
♣.....#
♣♣....#
♣wF†..#
♣♣@...#
♣....#
♣....#
.....#
♣.....#
♣.....#
♣....##
......


You could see a torpor snail and a cane toad.

Vanquished Creatures
  A minotaur (Gauntlet)
  A catoblepas (Lair:2)
  A hydra (D:11)
  2 two-headed ogres
  A skyshark (Lair:4)
  Pikel (D:7)
  An obsidian statue (Gauntlet)
  A cyclops (D:11)
  3 black mambas
  Maurice (D:9)
  A cane toad (Lair:2)
  A kobold demonologist (D:11)
  Maggie (D:7)
  6 komodo dragons
  2 trolls
  A polar bear (Lair:3)
  A raiju (Gauntlet)
  11 blink frogs
  10 yaks
  4 wraiths
  A water elemental (D:11)
  5 wyverns
  2 steam dragons (D:6)
  2 acid dragons
  2 nagas (Lair:2)
  3 water moccasins
  2 sky beasts
  2 black bears
  3 ogres (D:5)
  A lemure (D:7)
  5 centaurs
  A kobold brigand (D:9)
  7 bullfrogs
  3 scorpions
  A gnoll sergeant (D:10)
  8 wights
  8 killer bees
  5 electric eels
  4 howler monkeys
  A jelly (D:6)
  4 hounds
  A gnoll bouda (D:8)
  4 orc priests
  A sleepcap (D:8)
  Crazy Yiuf (D:4)
  5 iguanas
  A lightning spire (Gauntlet)
  9 orc wizards
  8 gnolls
  5 adders
  2 white imps (D:5)
  3 dart slugs
  2 worms
  25 orcs
  A bat (D:1)
  10 endoplasms
  4 giant cockroaches
  3 goblins
  A hobgoblin (D:4)
  8 jackals
  10 kobolds
  7 quokkas
  5 ball pythons
  5 frilled lizards
  6 rats
248 creatures vanquished.

Vanquished Creatures (collateral kills)
  A hydra (Lair:2)
  A boulder beetle (Lair:2)
  A two-headed ogre (D:11)
  A black mamba (Lair:1)
  2 cane toads
  A rime drake (Lair:2)
  10 blink frogs
  3 yaks (Lair:2)
  A water moccasin (Lair:2)
  An ice beast (D:11)
  A bullfrog (Lair:2)
  A killer bee (D:11)
  A bush (Lair:1)
  A plant (Lair:2)
26 creatures vanquished.

Vanquished Creatures (others)
  An orc knight (Lair:2)
  A yak (Lair:2)
  2 orc wizards
  A dart slug (D:4)
  An orc (D:11)
  A ball python (D:4)
  An endoplasm (D:4)
  A goblin (D:4)
  35 fungi
  38 plants
82 creatures vanquished.

Grand Total: 356 creatures vanquished

Notes
Turn   | Place    | Note
-------+----------+-------------------------------------------
     0 | D:1      | GenialerGandalf the Hill Orc Fighter began the quest for
                  | the Orb.
     0 | D:1      | Reached XP level 1. HP: 19/19 MP: 1/1
   297 | D:1      | Reached XP level 2. HP: 25/27 MP: 2/2
   550 | D:1      | Found Uded's Antique Armour Shop.
   741 | D:2      | Reached skill level 3 in Axes
   750 | D:2      | Reached XP level 3. HP: 33/33 MP: 3/3
   750 | D:2      | Found a faded altar of an unknown god.
  1173 | D:3      | Identified the +0 robe "Opno" {+Blink rF+ Stlth+}
  1229 | D:3      | Reached skill level 4 in Axes
  1229 | D:3      | Reached XP level 4. HP: 35/40 MP: 4/4
  1744 | D:3      | Found a hide-covered altar of Uskayaw.
  2207 | D:4      | Reached XP level 5. HP: 46/46 MP: 5/5
  2223 | D:4      | Found a snail-covered altar of Cheibriados.
  2348 | D:4      | Became a worshipper of Beogh the Brigand
  2512 | D:4      | Found Weyn's Distillery.
  2527 | D:4      | Bought a potion of might for 52 gold pieces
  2527 | D:4      | Bought a potion of might for 52 gold pieces
  2527 | D:4      | Bought a potion of might for 52 gold pieces
  2627 | D:4      | You fall into a shaft and drop 3 floors!
  2659 | D:6      | Reached skill level 5 in Axes
  2670 | D:5      | Entered Level 5 of the Dungeon
  2848 | D:5      | Reached XP level 6. HP: 48/53 MP: 6/6
  2958 | D:5      | Reached skill level 1 in Invocations
  2964 | D:5      | Reached skill level 6 in Axes
  2969 | D:5      | Reached skill level 5 in Fighting
  2969 | D:5      | Reached skill level 1 in Stealth
  3037 | D:4      | Found a runed translucent door.
  3038 | D:4      | Noticed Crazy Yiuf
  3047 | D:4      | Killed Crazy Yiuf
  3048 | D:4      | Reached XP level 7. HP: 58/61 MP: 8/8
  3337 | D:5      | Found an ornate altar of the Wu Jian Council.
  3493 | D:5      | Found a staircase to the Ecumenical Temple.
  3501 | D:5      | Reached skill level 7 in Axes
  4147 | D:6      | Identified the +4 falchion "Pikuxip" {spect, *Noise rPois
                  | Int+3 Stlth+}
  4159 | D:6      | Reached skill level 8 in Axes
  4160 | D:6      | Reached * piety under Beogh
  4175 | D:6      | Reached XP level 8. HP: 33/69 MP: 8/10
  4177 | D:6      | Found an iron altar of Okawaru.
  4457 | D:6      | Reached skill level 9 in Axes
  4650 | D:6      | Reached skill level 5 in Armour
  4767 | D:6      | Found a runed translucent gate.
  4767 | D:6      | Found a runed translucent gate.
  4767 | D:6      | Found a runed translucent gate.
  4769 | D:6      | Noticed ouz's ghost (novice GnWn)
  4950 | D:6      | HP: 2/70 [steam dragon] (2)]
  5469 | Temple   | Entered the Ecumenical Temple
  5815 | D:7      | Reached skill level 10 in Axes
  6017 | D:7      | Noticed Pikel
  6036 | D:7      | Killed Pikel
  6037 | D:7      | Reached XP level 9. HP: 37/78 MP: 10/12
  6045 | D:7      | Identified the +5 kite shield of Least Resistance {rCorr}
  6053 | D:7      | Reached skill level 11 in Axes
  6614 | D:7      | Noticed a troll
  6629 | D:7      | Killed a troll
  6659 | D:7      | Noticed Maggie
  6686 | D:7      | Killed Maggie
  6687 | D:7      | Reached skill level 12 in Axes
  6687 | D:7      | Reached skill level 5 in Invocations
  7222 | D:8      | Noticed a two-headed ogre
  7229 | D:8      | Killed a two-headed ogre
  7230 | D:8      | Reached XP level 10. HP: 58/88 MP: 12/14
  7374 | D:8      | Reached ** piety under Beogh
  7375 | D:8      | Reached skill level 13 in Axes
  7650 | D:8      | Upgraded the game from 0.30-a0-959-g3818848631 to
                  | 0.30-a0-1059-g7dea3e163d
  7729 | D:8      | Found a shimmering altar of Xom.
  8253 | D:9      | Found Voli's Magic Scroll Emporium.
  8351 | D:9      | Noticed Maurice
  8367 | D:9      | Killed Maurice
  9056 | D:9      | Reached skill level 14 in Axes
  9367 | D:10     | Entered Level 10 of the Dungeon
  9387 | D:10     | Reached *** piety under Beogh
  9666 | D:10     | Noticed a toenail golem
  9672 | D:10     | Found a transporter.
  9724 | D:10     | Found a transporter.
  9735 | D:10     | Noticed a thrashing horror
  9746 | D:10     | Found a one-way gate to the infinite horrors of the Abyss.
  9786 | D:10     | Noticed a faun
  9787 | D:10     | Noticed kaze's ghost (journeyman DjFE)
  9898 | D:10     | Reached XP level 11. HP: 97/97 MP: 15/15
 10225 | D:10     | Noticed a jorogumo
 10300 | D:10     | Noticed a broodmother
 10397 | D:9      | Bought a scroll of enchant armour for 90 gold pieces
 10397 | D:9      | Bought a scroll of blinking for 90 gold pieces
 10397 | D:9      | Bought a scroll of blinking for 90 gold pieces
 10408 | D:11     | Noticed a five-headed hydra
 10674 | D:11     | Found a gate leading to a gauntlet.
 10684 | Gauntlet | Entered a Gauntlet
 10684 | Gauntlet | Found a transporter.
 10686 | Gauntlet | Found a runed translucent door.
 10688 | Gauntlet | Found a transporter.
 10691 | Gauntlet | Found a transporter.
 10691 | Gauntlet | Noticed a death drake
 10693 | Gauntlet | Found a transporter.
 10696 | Gauntlet | Found a transporter.
 10697 | Gauntlet | Found a transporter.
 10705 | Gauntlet | Found a transporter.
 10705 | Gauntlet | Noticed a sixfirhy
 10705 | Gauntlet | Noticed a sixfirhy
 10706 | Gauntlet | Found a transporter.
 10706 | Gauntlet | Noticed an obsidian statue
 10710 | Gauntlet | Noticed a sixfirhy
 10760 | Gauntlet | Found a runed translucent door.
 10812 | Gauntlet | Found a transporter.
 10825 | Gauntlet | Found a transporter.
 10829 | Gauntlet | Found a transporter.
 10845 | Gauntlet | Found a transporter.
 10845 | Gauntlet | Noticed a thrashing horror
 10859 | Gauntlet | Noticed a sixfirhy
 10983 | Gauntlet | Upgraded the game from 0.30-a0-1059-g7dea3e163d to
                  | 0.30-a0-1070-gd49b78fada
 11416 | Gauntlet | Reached skill level 15 in Axes
 11587 | Gauntlet | Identified the +1 hat of Resourcefulness {Fly rC+ rN+}
 11861 | Gauntlet | Killed an obsidian statue
 11869 | Gauntlet | Identified the +0 pair of boots of Death Resistance
                  | {Rampage rN+}
 11871 | Gauntlet | Got the Quarto of Kinetic Energy
 11971 | Gauntlet | Identified the ring "Fiteeriwu" {Fly rN+ Str+2}
 11971 | Gauntlet | Noticed a minotaur
 11990 | Gauntlet | Killed a minotaur
 12463 | D:11     | Killed a five-headed hydra
 12599 | D:11     | Noticed a cyclops
 12622 | D:11     | Killed a cyclops
 12623 | D:11     | Reached skill level 10 in Fighting
 12732 | D:11     | Noticed a two-headed ogre
 12744 | D:11     | Killed a two-headed ogre
 12892 | D:11     | Noticed a two-headed ogre
 12901 | D:11     | Killed a two-headed ogre
 12903 | D:11     | Identified the +5 leather armour "Hadwajemp" {rC+ MP+9}
 12941 | D:11     | Found a staircase to the Lair.
 13029 | D:11     | Found a staircase to the Orcish Mines.
 13478 | D:11     | Reached skill level 16 in Axes
 13848 | Lair:1   | Entered Level 1 of the Lair of Beasts
 14358 | Lair:1   | Reached skill level 5 in Shields
 14366 | Lair:1   | Reached XP level 12. HP: 91/108 MP: 16/18
 14374 | Lair:1   | Reached **** piety under Beogh
 14897 | Lair:2   | Found a staircase to the Shoals.
 15016 | Lair:2   | Found a staircase to the Snake Pit.
 15019 | Lair:2   | Noticed a six-headed hydra
 15021 | Lair:2   | Noticed a catoblepas
 15051 | Lair:2   | Gained Bogdar as an ally
 15216 | Lair:2   | Killed a catoblepas
 15533 | Lair:2   | Killed a seven-headed hydra
 15806 | Lair:2   | Noticed a boulder beetle
 15822 | Lair:2   | Killed a boulder beetle
 17012 | Lair:3   | You are sucked into a shaft and drop 1 floor!
 17034 | Lair:4   | Noticed a four-headed hydra
 17046 | Lair:4   | Noticed a skyshark
 17058 | Lair:4   | Killed a skyshark
 17059 | Lair:4   | Reached XP level 13. HP: 9/118 MP: 20/20
 17059 | Lair:4   | Slain by a cane toad

Illustrated notes

Levels and vault maps discovered:
D:1:      dpeg_arrival_castle, layout_basic, serial_shops, shop
D:2:      layout_rooms, basic_ecumenical_altar
D:3:      layout_loops_corners, nicolae_uskayaw_suspiria,
          minmay_misc_feat_encased, st_stairs_13
D:4:      layout_loops_ring, mainiacjoe_overflow_alcove_4, serial_shops,
          nicolae_stop_n_shop_1, uniq_crazy_yiuf_cottage
D:5:      layout_basic, mainiacjoe_overflow_small_starburst,
          minmay_temple_entry_from_below_b, corner_web_ring
D:6:      layout_loops_ring, okawaru_ov_weapons_minmay,
          gammafunk_ghost_nasty_kobolds
D:7:      kennysheep_big_flooded_room, layout_loops_ring, uniq_maggie,
          uniq_pikel
D:8:      layout_loops_ring, general_overflow_altar
D:9:      layout_irregular_city, serial_shops, nicolae_take_the_stairs,
          uniq_maurice
D:10:     layout_basic, gammafunk_ghost_abyssal_escape,
          nicolae_figureground_pulse
D:11:     layout_basic, grunt_lair_entry_orc_guard_hut, gauntlet_entry_generic
Temple:   bh_familiar_temple
Lair:1:   layout_cave_shapes, grunt_megastairs_4
Lair:2:   layout_cave_pods, shoals_dummy_entry, guppyfry_snake_entry_island
Lair:3:   layout_roguey, infiniplex_staircase_pool, serial_bayou_shore_b,
          serial_bayou_shore_b, grunt_megastairs_2
Lair:4:   layout_big_grid, minivault_25, pdpol_lair_cabin_in_the_woods,
          grunt_megastairs_1

Skill      XL: |  1  2  3  4  5  6  7  8  9 10 11 12 |
---------------+-------------------------------------+-----
Fighting       | 4 5 6 7 9 10 12 | 12.3
Axes           | 3 4 5 6 8 10 12 14 16 | 16.9
Armour         | 4 5 6 7 8 9 |  9.6
Invocations    | 1 2 4 5 6 8 9 |  9.4
Stealth        | 1 3 4 |  4.8
Shields        | 5 7 |  7.8
Maces & Flails | |  0.6
Polearms       | |  0.6
Dodging        | |  0.1

Action                     |  1- 3 |  4- 6 |  7- 9 | 10-12 | 13-15 || total
---------------------------+-------+-------+-------+-------+-------++-------
  Melee: War axe           |    74 |   126 |   272 |   614 |     1 ||  1087
         Spear             |       |       |       |    67 |       ||    67
 Invoke: Convert to Beogh  |       |     1 |       |       |       ||     1
         Recall Orcish Fol |       |       |       |     2 |       ||     2
  Evoke: Wand              |       |       |       |    11 |       ||    11
    Use: Scroll            |     2 |       |     5 |    14 |       ||    21
         Potion            |       |       |       |     8 |       ||     8
   Stab: Sleeping          |       |       |     2 |     2 |       ||     4
         Distracted        |       |       |       |     6 |       ||     6
         Paralysed         |       |       |       |     3 |       ||     3
 Armour: Scale mail        |    31 |    59 |   157 |   140 |       ||   387
         Chain mail        |       |       |       |   158 |       ||   158
  Dodge: Dodged            |    31 |    61 |    94 |   166 |       ||   352
  Block: Buckler           |    23 |    20 |    45 |       |       ||    88
         Kite shield       |       |       |    44 |   474 |       ||   518

Table legend: (Time is in decaauts)
 A = Elapsed time spent in this place.
 B = Non-inter-level travel time spent in this place.
 C = Inter-level travel time spent in this place.
 D = Time resting spent in this place.
 E = Time spent auto-exploring this place.
 F = Levels seen in this place.
 G = Mean time per level.
                   A        B        C        D        E       F      G
               +--------+--------+--------+--------+--------+-----+--------+
         Total |  17152 |  15973 |   1179 |   3612 |   7200 |  17 | 1008.9 |
       Dungeon |  12384 |  11365 |   1019 |   1924 |   6014 |  11 | 1125.8 |
        Temple |    174 |    161 |     13 |      0 |    159 |   1 |  174.0 |
          Lair |   3168 |   3022 |    146 |    955 |    981 |   4 |  792.0 |
      Gauntlet |   1425 |   1425 |      0 |    733 |     46 |   1 | 1425.0 |
               +--------+--------+--------+--------+--------+-----+--------+

Top non-repeatable levels by time:
  Lair:2: 1886 daAuts
    D:11: 1683 daAuts
     D:7: 1601 daAuts
Gauntlet: 1425 daAuts
     D:6: 1409 daAuts
     D:9: 1265 daAuts
    D:10: 1209 daAuts
     D:3: 1145 daAuts
     D:8: 1050 daAuts
     D:5: 1032 daAuts
  Lair:1: 1012 daAuts
     D:1: 723 daAuts
     D:4: 690 daAuts
     D:2: 573 daAuts
  Lair:3: 223 daAuts
